 Dungeon Crawl Stone Soup version 0.30.1 (webtiles) character file.

Game seed: 1046191360558867108

1283 Peloso the Covered (level 8, 0/70 HPs)
             Began as a Minotaur Fighter on July 8, 2023.
             Slain by a gnoll sergeant
             ... wielding a +5 spear of flaming
              (2 damage)
             ... on level 6 of the Dungeon.
             The game lasted 00:10:28 (5070 turns).

Peloso the Covered (Minotaur Fighter)               Turns: 5070, Time: 00:10:29

Health: 0/70       AC: 16    Str: 27    XL:     8   Next: 29%
Magic:  7/7        EV:  7    Int:  5    God:
Gold:   300        SH:  5    Dex: 12    Spells: 7/7 levels left

rFire   . . .        a - +1 long sword
rCold   . . .        d - +0 buckler
rNeg    . . .        c - +0 plate armour
rPois   .            (helmet restricted)
rElec   .            (no cloak)
rCorr   .            y - +0 pair of gloves
SInv    .            u - +0 pair of boots
Will    .....        (no amulet) Stlth
                     q - +6 ring of strength
HPRegen 0.31/turn    (no ring)
MPRegen 0.10/turn

%: no passive effects
@: weak-willed, hasted, very quick
A: horns 2, retaliatory headbutt
a: no special abilities


You were on level 6 of the Dungeon.
You visited 2 branches of the dungeon, and saw 7 of its levels.

You collected 300 gold pieces.

Inventory:

Hand Weapons
 a - a +1 long sword (weapon)
Armour
 b - a +0 scale mail of fire resistance
 c - a +0 plate armour (worn)
 d - a +0 buckler (worn)
 u - a +0 pair of boots (worn)
 y - a +0 pair of gloves (worn)
Jewellery
 q - a +6 ring of strength (left hand)
 t - an amulet of magic regeneration
 C - a ring of flight
Wands
 f - a wand of paralysis (13)
Scrolls
 g - a scroll of fog {unknown}
 h - a scroll of summoning {unknown}
 k - 2 scrolls of torment {unknown}
 l - 2 scrolls of brand weapon {unknown}
 m - a scroll of poison
 p - 2 scrolls of immolation
 r - 3 scrolls of vulnerability
 s - 2 scrolls of enchant weapon
 v - 2 scrolls of teleportation {unknown}
 w - a scroll of silence {unknown}
 x - a scroll of amnesia {unknown}
Potions
 e - a potion of mutation
 i - 2 potions of might
 j - 2 potions of haste
 n - a potion of curing
 o - a potion of invisibility {unknown}
 z - a potion of degeneration {unknown}
 A - a potion of attraction {unknown}
 B - a potion of brilliance


   Skills:
 + Level 6.2 Fighting
 + Level 7.3 Long Blades
 + Level 7.5 Armour
 + Level 0.3 Dodging
 + Level 1.7 Stealth
 + Level 5.5 Shields
 + Level 0.5 Evocations


You had 7 spell levels left.
You didn't know any spells.
Your spell library was empty.

Dungeon Overview and Level Annotations

Branches:
Dungeon (6/15)             Temple (1/1) D:4

Altars:
Ashenzari
Cheibriados
Dithmenos
Elyvilon
Fedhas
Gozag
Kikubaaqudgha
Makhleb
Nemelex Xobeh
Qazlal
Ru
Sif Muna
Uskayaw
Vehumet
Yredelemnul
Zin
The Shining One

Annotations:
D:4 2 transporters, Philippstinkt's ghost, weakling GnDe


Innate Abilities, Weirdness & Mutations

You have a pair of horns on your head.
You reflexively headbutt those who attack you in melee.


Message History

You slash the gnoll!
You kill the gnoll!
You hit the gnoll but do no damage. Your headbutt misses the gnoll.
The gnoll is heavily wounded.
The gnoll hits you but does no damage.
The gnoll sergeant hits you from afar with a +5 spear of flaming.
The gnoll sergeant burns you.
You slash the gnoll!
You kill the gnoll!
The gnoll sergeant hits you but does no damage.
The gnoll sergeant hits you with a +5 spear of flaming.
The gnoll sergeant burns you.
The gnoll hits you from afar with a +0 halberd.
Items here: )) ††.
You hit the gnoll sergeant.
The gnoll sergeant is moderately wounded.
The gnoll sergeant hits you with a +5 spear of flaming!
* * * LOW HITPOINT WARNING * * *
The gnoll sergeant burns you.
* * * LOW HITPOINT WARNING * * *
The gnoll hits you from afar with a +0 halberd.
* * * LOW HITPOINT WARNING * * *
You hit the gnoll sergeant but do no damage.
The gnoll sergeant is moderately wounded.
The gnoll sergeant closely misses you. You block the gnoll's attack.
Okay, then.
As you read the scroll labelled GEGICU XINE, it crumbles to dust.
Magic quickly surges around you.
It was a scroll of vulnerability.
The gnoll sergeant hits you but does no damage.
The gnoll barely misses you.
As you read the scroll labelled GAWKIG MOEGE, it crumbles to dust.
It is a scroll of enchant weapon.
Your +0 long sword glows red for a moment.
You block the gnoll sergeant's attack. The gnoll barely misses you.
Okay, then.
It was a potion of haste.
You feel yourself speed up.
The gnoll sergeant hits you with a +5 spear of flaming.
* * * LOW HITPOINT WARNING * * *
The gnoll sergeant burns you.
You die...

###....# ### ###..
############......##
#..
.........g........(###
#..
#####...######.......##
#.. ##### ##........#
#.# ##.##g.##..# #.#
###.###g####.# #.#
####..## #g# #.# ##.#
#....## #@# #.# #..#
###..# #># ##.# ###.##
##.## #.###..# ##..##
#..####..##..# #..##
##......†...## #.##
##.........# #.##
##.........# #..#
##.....##.# ##.##
##...## #.# ##.##


You could see a gnoll sergeant (weak-willed) and 2 gnolls.

Vanquished Creatures
  A water moccasin (D:6)
  An ice beast (D:5)
  2 ogres
  4 wights (D:5)
  A howler monkey (D:5)
  2 hounds (D:4)
  2 quasits (D:5)
  3 orc priests
  5 iguanas
  Natasha (D:2)
  An orc wizard (D:5)
  3 gnolls
  3 adders
  6 shadow imps (D:5)
  8 white imps (D:5)
  3 ufetubi (D:5)
  A worm (D:4)
  A dart slug (D:4)
  13 orcs
  7 endoplasms
  4 giant cockroaches
  5 goblins
  9 hobgoblins
  5 quokkas
  6 ball pythons
  4 bats (D:1)
  4 frilled lizards
  7 kobolds
  5 rats
117 creatures vanquished.

Notes
Turn   | Place    | Note
-------+----------+-------------------------------------------
     0 | D:1      | Peloso the Minotaur Fighter began the quest for the Orb.
     0 | D:1      | Reached XP level 1. HP: 19/19 MP: 0/0
   194 | D:1      | Reached XP level 2. HP: 22/27 MP: 1/1
   298 | D:1      | Found a faded altar of an unknown god.
   413 | D:1      | Reached XP level 3. HP: 33/33 MP: 2/2
  1156 | D:2      | Noticed Natasha
  1170 | D:2      | Killed Natasha
  1171 | D:2      | Reached XP level 4. HP: 14/41 MP: 3/3
  2130 | D:4      | Found a transporter.
  2140 | D:4      | Noticed Philippstinkt's ghost (weakling GnDe)
  2201 | D:4      | Found a transporter.
  2207 | D:4      | Noticed an ogre
  2284 | D:4      | Reached XP level 5. HP: 34/47 MP: 4/4
  2304 | D:4      | Reached skill level 5 in Armour
  2323 | D:5      | Entered Level 5 of the Dungeon
  2378 | D:5      | Noticed an ice beast
  2390 | D:5      | Killed an ice beast
  2391 | D:5      | Reached skill level 5 in Long Blades
  2391 | D:5      | Reached XP level 6. HP: 32/55 MP: 5/5
  2774 | D:5      | Reached skill level 5 in Fighting
  3296 | D:4      | Reached XP level 7. HP: 44/61 MP: 6/6
  3602 | D:4      | Found a staircase to the Ecumenical Temple.
  3625 | Temple   | Entered the Ecumenical Temple
  4057 | D:5      | Reached skill level 5 in Shields
  4091 | D:5      | Reached skill level 1 in Stealth
  4509 | D:5      | Reached XP level 8. HP: 59/70 MP: 7/7
  4590 | D:5      | Found a sacrificial altar of Ru.
  5070 | D:6      | HP: 2/70 [gnoll sergeant/+5 spear of flaming (6)]
  5070 | D:6      | Slain by a gnoll sergeant

Illustrated notes

Levels and vault maps discovered:
D:1:      kilobyte_arrival_exit_the_forest, layout_rooms,
          hellmonk_ecumenical_altar_run_dry, minmay_gold_behind_fungi,
          kennysheep_doodads
D:2:      layout_basic, serial_bayou, serial_bayou_lagoon_b,
          serial_bayou_shore_a, serial_bayou_pond_d, serial_bayou_pond_c,
          uniq_natasha
D:3:      layout_rooms
D:4:      layout_rooms, minmay_temple_entry_nine_rooms,
          gammafunk_ghost_mausoleum, kennysheep_dice
D:5:      layout_gridville, kennysheep_little_box, serial_demonic,
          serial_demonic_a, serial_demonic_d, serial_demonic_g,
          serial_demonic_a, serial_demonic_b, serial_demonic_e,
          serial_demonic_g, serial_demonic_g, serial_demonic_f,
          serial_demonic_b, hangedman_abyss_or_decor_stabs
D:6:      layout_layer_cave, nicolae_overflow_crystal_walls,
          kennysheep_minor_cross
Temple:   nicolae_temple_bog_church

Skill      XL: |  1  2  3  4  5  6  7  8 |
---------------+-------------------------+-----
Shields        | 4 5 |  5.5
Armour         | 4 5 6 7 |  7.5
Fighting       | 4 5 6 |  6.2
Long Blades    | 3 5 6 7 |  7.3
Stealth        | 1 |  1.7
Dodging        | |  0.3
Evocations     | |  0.5

Action                     |  1- 3 |  4- 6 |  7- 9 || total
---------------------------+-------+-------+-------++-------
  Melee: Long sword        |    66 |   149 |   129 ||   344
         Headbutt          |     8 |    30 |    22 ||    60
  Evoke: Wand              |       |     4 |       ||     4
    Use: Potion            |     5 |     1 |     2 ||     8
         Scroll            |       |     3 |     2 ||     5
   Stab: Paralysed         |       |     4 |       ||     4
 Armour: Scale mail        |    18 |       |       ||    18
         Plate armour      |    41 |   110 |    96 ||   247
  Dodge: Dodged            |    22 |    57 |    44 ||   123
  Block: Buckler           |    15 |    37 |    32 ||    84
